TOP OF THE 1ST |
---|
Butler Bulldogs batting - Pitching for Virginia Tech Hokies : RHP Ken Turner | Pitching: RHP Ken Turner | | Batting: LHB Alex Kelly | 0-0: Called Strike 0-1: Ball 1-1: Foul Ball, location: 2F 1-2: Ball 2-2: Foul Ball, location: 2F 2-2: TRIPLE (Flyball, 7D) | Batting: LHB Bill O'Higgins | 0-0: Called Strike 0-1: Swinging Strike 0-2: Strikes out looking | Batting: LHB Víctor Piña | 0-0: SINGLE (Flyball, 78M) Alex Kelly scores | Batting: RHB Patrice Charette | 0-0: Ball 1-0: SINGLE (Groundball, 6MD) Víctor Piña to second | Batting: RHB Nelson Thompson | 0-0: Ball 1-0: Ball 2-0: Ball 3-0: Base on Balls Víctor Piña to third Patrice Charette to second | Batting: RHB Bobby Coleman | 0-0: Swinging Strike 0-1: Foul Ball, location: 2F 0-2: Ball Wild Pitch! Víctor Piña scores Patrice Charette to third Nelson Thompson to second 1-2: Ball 2-2: Foul Ball, location: 2F 2-2: Foul Ball, location: 2F 2-2: Foul Ball, location: 2F 2-2: Foul Ball, location: 2F 2-2: SINGLE (Line Drive, 7LS) Patrice Charette scores Nelson Thompson to third Runner from 3rd tries for Home, SAFE, throw made home | Batting: RHB Benjamin Monroe | 0-0: Ball 1-0: Called Strike 1-1: Fly out, F4 (Popup, 34) | Batting: RHB Danny Giles | 0-0: Called Strike 0-1: Ball 1-1: Foul Ball, location: 2F 1-2: Foul Ball, location: 2F 1-2: Ball 2-2: Ball 3-2: Base on Balls Bobby Coleman to second | Batting: LHB Michael Knight | 0-0: Ball 1-0: Called Strike 1-1: Ball 2-1: Called Strike 2-2: Foul Ball, location: 2F 2-2: Ball 3-2: Strikes out swinging | Top of the 1st over - 4 runs, 4 hits, 0 errors, 2 left on base; Butler 4 - Virginia Tech 0 | BOTTOM OF THE 1ST |
---|
Virginia Tech Hokies batting - Pitching for Butler Bulldogs : RHP Tom Mobley | Pitching: RHP Tom Mobley | | Batting: RHB Jake Holmes | 0-0: Ball 1-0: Fly out, F9 (Flyball, 9) | Batting: LHB Chris López | 0-0: Ball 1-0: Foul Ball, location: 2F 1-1: Swinging Strike 1-2: Reached on error, E5 (Groundball, 5) | Batting: RHB Eric Clay | 0-0: Ball 1-0: Ball 2-0: Called Strike 2-1: Fly out, F8 (Line Drive, 8RS) | Batting: RHB Dusty Green | 0-0: Foul Ball, location: 2F 0-1: Ball 1-1: Swinging Strike 1-2: Strikes out swinging | Bottom of the 1st over - 0 runs, 0 hits, 1 error, 1 left on base; Butler 4 - Virginia Tech 0 | TOP OF THE 2ND |
---|
Butler Bulldogs batting - Pitching for Virginia Tech Hokies : RHP Ken Turner | Batting: LHB Alex Kelly | 0-0: Called Strike 0-1: Ground out 1-3 (Groundball, 13) | Batting: LHB Bill O'Higgins | 0-0: SINGLE (Groundball, 34D) | Batting: LHB Víctor Piña | 0-0: Called Strike Bill O'Higgins steals 2nd base Balk! Bill O'Higgins to third 0-1: Ball 1-1: Ball 2-1: Swinging Strike 2-2: Ball 3-2: Foul Ball, location: 2F 3-2: Strikes out swinging | Batting: RHB Patrice Charette | 0-0: SINGLE (Flyball, 89S) Bill O'Higgins scores | Batting: RHB Nelson Thompson | 0-0: Called Strike 0-1: Called Strike 0-2: Ball 1-2: Foul Ball, location: 2F 1-2: Strikes out swinging | Top of the 2nd over - 1 run, 2 hits, 0 errors, 1 left on base; Butler 5 - Virginia Tech 0 | BOTTOM OF THE 2ND |
---|
Virginia Tech Hokies batting - Pitching for Butler Bulldogs : RHP Tom Mobley | Batting: RHB Will McDonald | 0-0: Ball 1-0: Ball 2-0: Ball 3-0: Called Strike 3-1: Base on Balls | Batting: SHB Daniel Lee | 0-0: Ball 1-0: Ground out U3 (Groundball, 3) Will McDonald to second | Batting: SHB Junior Campbell | 0-0: Ball 1-0: Ball 2-0: SINGLE (Groundball, 34) (infield hit) Will McDonald to third | Batting: RHB Primo Owen | 0-0: Called Strike 0-1: Fly out, F5 (Line Drive, 56) | Batting: RHB Tim Wise | 0-0: Fielders Choice at 2nd, 6-4 (Groundball, 6) | Bottom of the 2nd over - 0 runs, 1 hit, 0 errors, 2 left on base; Butler 5 - Virginia Tech 0 | TOP OF THE 3RD |
---|
Butler Bulldogs batting - Pitching for Virginia Tech Hokies : RHP Ken Turner | Batting: RHB Bobby Coleman | 0-0: Ball 1-0: Foul Ball, location: 2F 1-1: Foul Ball, location: 2F 1-2: Ball 2-2: Strikes out swinging | Batting: RHB Benjamin Monroe | 0-0: Ball 1-0: Ball 2-0: Ball 3-0: Base on Balls | Batting: RHB Danny Giles | 0-0: Called Strike 0-1: Ball 1-1: Ball 2-1: Ball 3-1: Base on Balls Benjamin Monroe to second | Batting: LHB Michael Knight | 0-0: Ball 1-0: Called Strike 1-1: Ball 2-1: Foul Ball, location: 2F 2-2: Ball 3-2: SINGLE (Groundball, 6D) Benjamin Monroe to third Danny Giles to second Runner from 3rd tries for Home, SAFE, throw made home | Batting: LHB Alex Kelly | 0-0: Ball 1-0: Foul Ball, location: 2F 1-1: Foul Ball, location: 2F 1-2: Fly out, F7 (Line Drive, 7S) | Pitching: RHP Jim McDonald | | Batting: LHB Bill O'Higgins | 0-0: Called Strike 0-1: Fly out, F9 (Flyball, 9) | Top of the 3rd over - 1 run, 1 hit, 0 errors, 2 left on base; Butler 6 - Virginia Tech 0 | BOTTOM OF THE 3RD |
---|
Virginia Tech Hokies batting - Pitching for Butler Bulldogs : RHP Tom Mobley | Batting: RHB Jake Holmes | 0-0: Called Strike 0-1: Ball 1-1: Ground out 5-3 (Groundball, 56) | Batting: LHB Chris López | 0-0: Swinging Strike 0-1: Ball 1-1: Foul Ball, location: 2F 1-2: Ball 2-2: Ground out 6-3 (Groundball, 6) | Batting: RHB Eric Clay | 0-0: Ball 1-0: Foul Ball, location: 2F 1-1: Ball 2-1: Swinging Strike 2-2: Foul Ball, location: 2F 2-2: Ball 3-2: Strikes out swinging | Bottom of the 3rd over - 0 runs, 0 hits, 0 errors, 0 left on base; Butler 6 - Virginia Tech 0 | TOP OF THE 4TH |
---|
Butler Bulldogs batting - Pitching for Virginia Tech Hokies : RHP Jim McDonald | Batting: LHB Víctor Piña | 0-0: Fly out, F2 (Popup, 23F) | Batting: RHB Patrice Charette | 0-0: Foul Ball, location: 2F 0-1: Ground out 6-3 (Groundball, 6) | Batting: RHB Nelson Thompson | 0-0: Called Strike 0-1: Ball 1-1: Ball 2-1: Called Strike 2-2: Ball 3-2: SINGLE (Line Drive, 6M) | Batting: RHB Bobby Coleman | 0-0: Ball 1-0: Called Strike 1-1: Ball 2-1: Foul Ball, location: 2F 2-2: Strikes out swinging | Top of the 4th over - 0 runs, 1 hit, 0 errors, 1 left on base; Butler 6 - Virginia Tech 0 | BOTTOM OF THE 4TH |
---|
Virginia Tech Hokies batting - Pitching for Butler Bulldogs : RHP Tom Mobley | Batting: RHB Dusty Green | 0-0: Ball 1-0: Foul Ball, location: 2F 1-1: Ball 2-1: Swinging Strike 2-2: Ball 3-2: Fly out, F9 (Flyball, 9LM) | Batting: RHB Will McDonald | 0-0: Ball 1-0: Ball 2-0: Ball 3-0: Called Strike 3-1: Fly out, F4 (Popup, 4S) | Batting: SHB Daniel Lee | 0-0: Ball 1-0: Ball 2-0: Called Strike 2-1: Foul Ball, location: 2F 2-2: Strikes out swinging | Bottom of the 4th over - 0 runs, 0 hits, 0 errors, 0 left on base; Butler 6 - Virginia Tech 0 | TOP OF THE 5TH |
---|
Butler Bulldogs batting - Pitching for Virginia Tech Hokies : RHP Jim McDonald | Batting: RHB Benjamin Monroe | 0-0: Ball 1-0: Ball 2-0: Ball 3-0: Foul Ball, location: 2F 3-1: SINGLE (Line Drive, 8LS) | Batting: RHB Danny Giles | 0-0: Fly out, F6 (Line Drive, 6) | Batting: LHB Michael Knight | 0-0: Called Strike 0-1: Fly out, F8 (Flyball, 8LD) | Batting: LHB Alex Kelly | 0-0: Called Strike 0-1: Ball 1-1: Fly out, F8 (Flyball, 8LD) | Top of the 5th over - 0 runs, 1 hit, 0 errors, 1 left on base; Butler 6 - Virginia Tech 0 | BOTTOM OF THE 5TH |
---|
Virginia Tech Hokies batting - Pitching for Butler Bulldogs : RHP Tom Mobley | Batting: SHB Junior Campbell | 0-0: Called Strike 0-1: Ball 1-1: Foul Ball, location: 2F 1-2: Foul Ball, location: 2F 1-2: Foul Ball, location: 2F 1-2: Foul Ball, location: 2F 1-2: Strikes out swinging | Batting: RHB Primo Owen | 0-0: Fly out, F4 (Popup, 4D) | Batting: RHB Tim Wise | 0-0: Called Strike 0-1: Ball 1-1: Ground out 6-3 (Groundball, 6) | Bottom of the 5th over - 0 runs, 0 hits, 0 errors, 0 left on base; Butler 6 - Virginia Tech 0 | TOP OF THE 6TH |
---|
Butler Bulldogs batting - Pitching for Virginia Tech Hokies : RHP Jim McDonald | Batting: LHB Bill O'Higgins | 0-0: Called Strike 0-1: Foul Ball, location: 2F 0-2: Strikes out swinging | Batting: LHB Víctor Piña | 0-0: Ball 1-0: Ground out 4-3 (Groundball, 4) | Batting: RHB Patrice Charette | 0-0: Swinging Strike 0-1: Ball 1-1: Ball 2-1: Foul Ball, location: 2F 2-2: Strikes out looking | Top of the 6th over - 0 runs, 0 hits, 0 errors, 0 left on base; Butler 6 - Virginia Tech 0 | BOTTOM OF THE 6TH |
---|
Virginia Tech Hokies batting - Pitching for Butler Bulldogs : RHP Tom Mobley | Batting: RHB Jake Holmes | 0-0: DOUBLE (Line Drive, 78D) | Batting: LHB Chris López | 0-0: Fly out, F9 (Flyball, 9S) | Batting: RHB Eric Clay | 0-0: Ball 1-0: Swinging Strike 1-1: Foul Ball, location: 2F 1-2: Ball 2-2: Ball 3-2: Fly out, F6 (Popup, 6) | Batting: RHB Dusty Green | 0-0: Ball 1-0: Called Strike 1-1: Ball 2-1: Ground out 6-3 (Groundball, 6) | Bottom of the 6th over - 0 runs, 1 hit, 0 errors, 1 left on base; Butler 6 - Virginia Tech 0 | TOP OF THE 7TH |
---|
Butler Bulldogs batting - Pitching for Virginia Tech Hokies : RHP Jim McDonald | Batting: RHB Nelson Thompson | 0-0: Ball 1-0: Called Strike 1-1: Ball 2-1: Foul Ball, location: 2F 2-2: Fly out, F3 (Flyball, 3D) | Batting: RHB Bobby Coleman | 0-0: Foul Ball, location: 2F 0-1: Ball 1-1: Swinging Strike 1-2: Ball 2-2: Ball 3-2: Strikes out swinging | Batting: RHB Benjamin Monroe | 0-0: Foul Ball, location: 2F 0-1: Ball 1-1: Foul Ball, location: 2F 1-2: Ball 2-2: Ball 3-2: Base on Balls | Batting: RHB Danny Giles | 0-0: Called Strike 0-1: Ball 1-1: Ball 2-1: Ball 3-1: Swinging Strike 3-2: Fly out, F9 (Flyball, 9) | Top of the 7th over - 0 runs, 0 hits, 0 errors, 1 left on base; Butler 6 - Virginia Tech 0 | BOTTOM OF THE 7TH |
---|
Virginia Tech Hokies batting - Pitching for Butler Bulldogs : RHP Tom Mobley | Pitching: RHP Alden García | | Batting: RHB Will McDonald | 0-0: Swinging Strike 0-1: Ball 1-1: SINGLE (Line Drive, 56D) | Batting: SHB Daniel Lee | 0-0: Swinging Strike 0-1: Foul Ball, location: 2F 0-2: Strikes out swinging | Batting: SHB Junior Campbell | 0-0: Called Strike 0-1: SINGLE (Groundball, 4MD) Will McDonald to second | Batting: RHB Primo Owen | 0-0: Ball 1-0: Foul Ball, location: 2F 1-1: Swinging Strike 1-2: Ball 2-2: Ball 3-2: SINGLE (Groundball, 6S) (infield hit) Will McDonald to third Junior Campbell to second | Batting: RHB Tim Wise | 0-0: DOUBLE (Line Drive, 7LM) Will McDonald scores Junior Campbell scores Primo Owen to third | Pitching: RHP William Roberts | | Batting: RHB Jake Holmes | 0-0: Ball 1-0: Fly out, F9 (Flyball, 9) Runner from 3rd tags up, SCORES, no throw | Batting: LHB Chris López | 0-0: Called Strike 0-1: Ball 1-1: Ground out 5-3 (Groundball, 5L) | Bottom of the 7th over - 3 runs, 4 hits, 0 errors, 1 left on base; Butler 6 - Virginia Tech 3 | TOP OF THE 8TH |
---|
Butler Bulldogs batting - Pitching for Virginia Tech Hokies : RHP Jim McDonald | Batting: LHB Michael Knight | 0-0: Ball 1-0: Ball 2-0: Called Strike 2-1: Foul Ball, location: 2F 2-2: Ball 3-2: Strikes out swinging | Batting: LHB Alex Kelly | 0-0: Ball 1-0: Swinging Strike 1-1: Called Strike 1-2: Ball 2-2: Foul Ball, location: 2F 2-2: Ball 3-2: Strikes out swinging | Pitching: RHP Bill Dickerson | | Batting: LHB Bill O'Higgins | 0-0: Called Strike 0-1: Ball 1-1: Called Strike 1-2: Strikes out swinging | Top of the 8th over - 0 runs, 0 hits, 0 errors, 0 left on base; Butler 6 - Virginia Tech 3 | BOTTOM OF THE 8TH |
---|
Virginia Tech Hokies batting - Pitching for Butler Bulldogs : RHP William Roberts | Batting: RHB Eric Clay | 0-0: Foul Ball, location: 2F 0-1: Ball 1-1: SINGLE (Groundball, 56S) (infield hit) | Batting: RHB Dusty Green | 0-0: Swinging Strike 0-1: Ball 1-1: Called Strike 1-2: Foul Ball, location: 2F 1-2: Foul Ball, location: 2F 1-2: Foul Ball, location: 2F 1-2: SINGLE (Groundball, 4D) Eric Clay to second Runner from 2nd tries for 3rd, SAFE, no throw | Batting: RHB Will McDonald | 0-0: Ball 1-0: Called Strike 1-1: Foul Ball, location: 2F 1-2: Foul Ball, location: 2F 1-2: Ball 2-2: Fly out, F9 (Flyball, 9LM) | Batting: SHB Daniel Lee | 0-0: Ball 1-0: Swinging Strike 1-1: Ball 2-1: Ball 3-1: Foul Ball, location: 2F 3-2: Fly out, F8 (Flyball, 8LS) Runner from 3rd tags up, SCORES, no throw | Batting: SHB Junior Campbell | 0-0: Ball 1-0: Foul Ball, location: 2F 1-1: Fly out, F5 (Popup, 5L) | Bottom of the 8th over - 1 run, 2 hits, 0 errors, 1 left on base; Butler 6 - Virginia Tech 4 | TOP OF THE 9TH |
---|
Butler Bulldogs batting - Pitching for Virginia Tech Hokies : RHP Bill Dickerson | Batting: LHB Víctor Piña | 0-0: Ball 1-0: Called Strike 1-1: Called Strike 1-2: Ball 2-2: Ball 3-2: SOLO HOME RUN (Flyball, 9LD), Distance : 331 ft | Batting: RHB Patrice Charette | 0-0: Called Strike 0-1: Ball 1-1: Ball 2-1: Called Strike 2-2: Strikes out swinging | Batting: RHB Nelson Thompson | 0-0: Called Strike 0-1: Foul Ball, location: 2F 0-2: Ball 1-2: Ball 2-2: Ball 3-2: Base on Balls | Batting: RHB Bobby Coleman | 0-0: Foul Ball, location: 2F 0-1: Called Strike 0-2: Ball 1-2: Strikes out looking | Batting: RHB Benjamin Monroe | 0-0: DOUBLE (Line Drive, 7LD) Nelson Thompson to third | Batting: RHB Danny Giles | 0-0: Called Strike 0-1: Called Strike 0-2: Ball 1-2: Ground out 3-1 (Groundball, 34) | Top of the 9th over - 1 run, 2 hits, 0 errors, 2 left on base; Butler 7 - Virginia Tech 4 | BOTTOM OF THE 9TH |
---|
Virginia Tech Hokies batting - Pitching for Butler Bulldogs : RHP William Roberts | Pitching: LHP Michael Jones | | Batting: RHB Primo Owen | 0-0: Swinging Strike 0-1: Swinging Strike 0-2: Strikes out swinging | Batting: RHB Tim Wise | 0-0: Ground out 5-3 (Groundball, 56) | Batting: RHB Jake Holmes | 0-0: Ground out 6-3 (Groundball, 6) | Bottom of the 9th over - 0 runs, 0 hits, 0 errors, 0 left on base; Butler 7 - Virginia Tech 4 | |